 Dungeon Crawl Stone Soup version 0.28.0-53-g5a82cb258f (webtiles) character file.

Game seed: 7405786902078757698

37 nickcage the Digger (level 3, -2/24 HPs)
             Began as a Formicid Earth Elementalist on May 24, 2022.
             Slain by a gnoll
             ... wielding a +0 spear
              (9 damage)
             ... on level 2 of the Dungeon.
             The game lasted 00:03:41 (953 turns).

nickcage the Digger (Formicid Earth Elementalist)    Turns: 953, Time: 00:03:42

Health: -2/24      AC:  2    Str: 12    XL:     3   Next: 60%
Magic:  6/7        EV: 12    Int: 16    God:
Gold:   27         SH:  0    Dex: 11    Spells: 2/8 levels left

rFire   . . .      SeeInvis +   f - +0 dagger
rCold   . . .      Faith    .   (no shield)
rNeg    . . .      Spirit   .   b - +0 robe
rPois   .          Reflect  .   (helmet unavailable)
rElec   .          Harm     .   (no cloak)
rCorr   .          Rampage  .   (no gloves)
Will    .....                   (no boots)
Stlth   ++........              (no amulet)
HPRegen 0.08/turn               (no ring)
MPRegen 0.10/turn               (no ring)

@: no status effects
A: permanent stasis, dig shafts and tunnels, antennae 3, four strong arms
a: Dig, Shaft Self


You were on level 2 of the Dungeon.
You visited 1 branch of the dungeon, and saw 2 of its levels.

You collected 27 gold pieces.

Inventory:

Hand Weapons
 a - a +0 short sword
 f - a +0 dagger (weapon)
Missiles
 c - 29 stones
Armour
 b - a +0 robe (worn)
Scrolls
 e - 2 scrolls of enchant weapon {unknown}
 h - a scroll of enchant armour {unknown}
 i - a scroll of fog
Potions
 d - a potion of curing {unknown}
 g - a potion of flight {unknown}


   Skills:
 - Level 1.7 Dodging
 - Level 2.4 Stealth
 - Level 3.0 Spellcasting
 * Level 1.3 Transmutations
 + Level 4.5 Earth Magic


You had 2 spell levels left.
You knew the following spells:

 Your Spells              Type           Power      Damage    Failure   Level
a - Sandblast             Erth           34%        2d9       2%          1
b - Passwall              Tmut/Erth      9%         N/A       9%          2
c - Stone Arrow           Conj/Erth      18%        3d8       22%         3

Your spell library contained the following spells:

 Spells                   Type           Power      Damage    Failure   Level
 Portal Projectile        Hex/Tloc       4%         N/A       50%         3
 Petrify                  Tmut/Erth      11%        N/A       50%         4
 Blade Hands              Tmut           3%         N/A       97%         5
 Excruciating Wounds      Necr           1%         N/A       99%         5


Dungeon Overview and Level Annotations

Branches:
Dungeon (2/15)

Altars:


Innate Abilities, Weirdness & Mutations

You cannot be hasted, slowed, berserked, paralysed or teleported.
You can dig through walls and to a lower floor.
You have a pair of large antennae on your head. (SInv)
Your four strong arms can wield two-handed weapons with a shield.


Message History

Memorise Stone Arrow, consuming 3 spell levels and leaving 2?
You start memorising the spell.
You continue memorising. x3
You finish memorising.
Spell assigned to 'c'.
A rat comes into view.
An adder comes into view.
The blast of sand hits the rat!
You kill the rat!
The adder hisses angrily.
The blast of sand misses the adder.
The blast of sand hits the adder!
The adder is almost dead.
The blast of sand misses the adder.
The adder closely misses you. x2
The blast of sand hits the adder!
You kill the adder!
Found a leather armour.
Found a helmet.
You pick up a book of Weapons and begin reading...
You add the spells Portal Projectile, Excruciating Wounds and Blade Hands to your library.
You now have 27 gold pieces (gained 13).
Found an escape hatch in the floor.
You sense a monster nearby.
Found a stone staircase leading down.
You sense a monster nearby.
A gnoll comes into view.
It is wielding a +0 club. 2 gnolls come into view.
The gnoll moves out of view.
A gnoll comes into view. It is wielding a +0 spear.
The gnoll shouts! x2
You can't see any susceptible monsters within range! (Use Z to cast anyway.)
The gnoll shouts!
The blast of sand misses the gnoll.
The gnoll shouts!
The blast of sand hits the gnoll.
The gnoll is heavily wounded.
The gnoll hits you from afar with a +0 spear! x2
* * * LOW HITPOINT WARNING * * *
You are too injured to fight recklessly!
You are too injured to fight recklessly!
The gnoll hits you from afar with a +0 spear!
You die...

#........## #.....#.##.#
#######...# #......^...#
#...#######.......####
#...##..[...........#
#..g##..............###
######..g##.####.#..###.....
###.......gg............#.....
.................#.#..#.......
###..........@..##.#..###.....
######...##......#..........
#...#########......#### #.
#...# #...##### #.. ##...###
#.#.# ...######.......# #...#
....[........##.# ###.##
.......##.##.##.# ##...#####
................# ##..........


You could see 4 gnolls.

Vanquished Creatures
  An adder (D:2)
  A worm (D:2)
  3 ball pythons (D:1)
  4 endoplasms
  2 giant cockroaches (D:1)
  3 hobgoblins (D:1)
  A quokka (D:1)
  A frilled lizard (D:2)
  2 goblins
  2 kobolds (D:1)
  3 rats
23 creatures vanquished.

Notes
Turn   | Place    | Note
-------+----------+-------------------------------------------
     0 | D:1      | nickcage the Formicid Earth Elementalist began the quest
                  | for the Orb.
     0 | D:1      | Reached XP level 1. HP: 13/13 MP: 3/3
   183 | D:1      | Reached skill level 4 in Earth Magic
   183 | D:1      | Reached XP level 2. HP: 19/19 MP: 1/5
   696 | D:1      | Learned a level 2 spell: Passwall
   733 | D:2      | Reached XP level 3. HP: 24/24 MP: 5/7
   818 | D:2      | Learned a level 3 spell: Stone Arrow
   953 | D:2      | Slain by a gnoll

Illustrated notes

Levels and vault maps discovered:
D:1:      shiori_shiawase, layout_basic
D:2:      layout_loops_cross, nrook_mini_backslash

Skill      XL: |  1  2  3 |
---------------+----------+-----
Earth Magic    | 4 |  4.5
Spellcasting   | 3 |  3.0
Dodging        | |  1.7
Stealth        | |  2.4
Transmutations | |  1.3

Action                   || total
-------------------------++-------
Melee: Dagger            ||     4
       Short sword       ||     4
 Cast: Sandblast         ||    31
  Use: Scroll            ||     1
 Stab: Sleeping          ||     4
Armor: Robe              ||     4
Dodge: Dodged            ||     7
